 Dungeon Crawl Stone Soup version 0.30.0 (webtiles) character file.

Game seed: 9362371775157996336

5120 Minorbread the Grappler (level 10, -2/156 HPs)
             Began as a Troll Berserker on May 11, 2023.
             Was an Elder of Trog.
             Slain by an orc
             ... wielding a +0 short sword
              (3 damage)
             ... on level 9 of the Dungeon on May 12, 2023.
             The game lasted 00:16:34 (6695 turns).

Minorbread the Grappler (Troll Berserker)           Turns: 6695, Time: 00:16:34

Health: -2/156     AC: 25    Str: 31    XL:     10   Next: 32%
Magic:  9/9        EV:  1    Int:  3    God:    Trog [****..]
Gold:   406        SH:  0    Dex:  9    Spells: 9/9 levels left

rFire   . .          .
                       - Unarmed
rCold   . . .        (no shield)
rNeg    . . .        g - melded +0 steam dragon scales
rPois   +            (helmet currently unavailable)
rElec   .            o - melded +0 cloak
rCorr   .            (gloves unavailable)
SInv    .            (boots unavailable)
Will    .....        (no amulet)
Stlth   +            (no ring)
HPRegen 1.26/turn    (no ring)
MPRegen 0.11/turn

%: no passive effects
@: lethally poisoned (-2 -> -10), tree-form, on berserk cooldown, hasted and
slowed
A: stationary, stasis, torment immunity, boosted hp, large, unfitting armour,
(claws 3), regeneration 1, (shaggy fur 1), (tough skin 1)
a: Renounce Religion, Berserk, Trog's Hand, Brothers in Arms


You were on level 9 of the Dungeon.
You worshipped Trog.
Trog was greatly pleased with you.
You were a tree.
You visited 1 branch of the dungeon, and saw 9 of its levels.

You collected 406 gold pieces.

Inventory:

Armour
 g - +0 steam dragon scales (melded)
 j - a +2 robe of positive energy
 o - a +0 cloak (melded)
Jewellery
 u - a +6 ring of intelligence
Wands
 h - a wand of polymorph (2)
 p - a wand of flame (20)
 q - a wand of roots (9)
 r - a wand of light (4)
 s - a wand of paralysis (7)
Scrolls
 b - 4 scrolls of teleportation
 k - 2 scrolls of blinking
 v - 2 scrolls of magic mapping
 w - a scroll of brand weapon {unknown}
 y - a scroll of poison {unknown}
Potions
 a - 5 potions of ambrosia
 d - a potion of haste
 e - a potion of might {unknown}
 f - a potion of flight
 i - a potion of lignification
 l - a potion of berserk rage {unknown}
 m - a potion of brilliance {unknown}
 n - a potion of attraction {unknown}
 t - a potion of degeneration {unknown}
 x - 2 potions of curing {unknown}


   Skills:
 + Level 7.6 Fighting
 + Level 3.8 Dodging
 * Level 12.5 Unarmed Combat


You had 9 spell levels left.
You didn't know any spells.
Your spell library was empty.

Dungeon Overview and Level Annotations

Branches:
Dungeon (9/15)             Temple (0/1) D:5
   Lair: D:8-11         Orc: D:9-12

Altars:
Hepliaklqana
Makhleb
Nemelex Xobeh
Sif Muna
Wu Jian

Shops:
D:3 *   D:8 !?=*

Annotations:
D:2 1 runed translucent door, Crazy Yiuf
D:8 3 runed translucent doors, Illumine's ghost, novice BaCj; cpf86's ghost, novice MiBe


Innate Abilities, Weirdness & Mutations

You are a tree.
Your roots penetrate the ground, keeping you stationary.
You cannot be teleported.
You are immune to unholy pain and torment.
Your maximum health is greatly increased.
Your equipment is partially melded.
You are too large for most types of armour.
((You have claws for hands.))
Your natural rate of healing is unusually fast.
((You are covered in fur. (AC +1)))
((You have tough skin. (AC +1)))


Message History

* * * LOW HITPOINT WARNING * * *
The orc hits you but does no damage. x2; The hornet closely misses you.
The killer bee completely misses you.
You feel much better.
You feel very sick. The killer bee closely misses you. The hornet stings you!
* * * LOW HITPOINT WARNING * * *
You are lethally poisoned!
You feel as though you will be slow longer.
The orc hits you with a +0 dagger.
* * * LOW HITPOINT WARNING * * *
The orc barely misses you. The killer bee closely misses you.
The hornet stings you but does no damage.
It was a potion of lignification.
You turn into a tree.
Your +0 cloak melds into your body.
Your +0 steam dragon scales melds into your body.
Your roots penetrate the ground.
* * * LOW HITPOINT WARNING * * *
You feel extremely sick.
The killer bee stings you but does no damage.
The hornet stings you but does no damage.
The orc hits you but does no damage. x2
The killer bee stings you but does no damage.
You closely miss the killer bee.
* * * LOW HITPOINT WARNING * * *
You feel very sick.
The killer bee stings you but does no damage.
The hornet stings you but does no damage.
The orc hits you but does no damage. The orc hits you with a +0 short sword.
* * * LOW HITPOINT WARNING * * *
The killer bee stings you but does no damage.
It was a potion of flight.
Your roots keep you in place.
* * * LOW HITPOINT WARNING * * *
You feel very sick. The hornet stings you.
* * * LOW HITPOINT WARNING * * *
You feel as though you will be slow longer.
The killer bee stings you but does no damage.
The orc hits you but does no damage. The orc hits you with a +0 short sword.
You die...

..# ...#
..... .....#
......#
..$....## #..
......yy####
###...
......o♣[#.##
.#....
.######o....#
..... ##...##
##...
##...###..#
##...#..#
###....##
#...?.#######
#.....<.....#
#...........#


You could see a hornet, a killer bee and 2 orcs.

Vanquished Creatures
  2 two-headed ogres (D:8)
  Pikel (D:5)
  Grinder (D:5)
  A steam dragon (D:7)
  Edmund (D:5)
  A water moccasin (D:7)
  A black bear (D:7)
  An ice beast (D:5)
  An orc warrior (D:5)
  3 ogres
  A centaur (D:8)
  2 phantoms
  A lemure (D:5)
  2 kobold brigands
  5 bullfrogs
  2 scorpions (D:4)
  7 killer bees
  2 electric eels (D:8)
  4 howler monkeys
  A quasit (D:6)
  8 hounds
  5 orc priests
  A gnoll bouda (D:5)
  2 jellies
  2 sleepcaps
  Jessica (D:2)
  2 iguanas
  2 orc wizards
  Robin (D:3)
  11 gnolls
  7 adders
  5 shadow imps
  7 white imps
  2 ufetubi (D:5)
  A worm (D:2)
  4 dart slugs
  28 orcs
  6 endoplasms
  A giant cockroach (D:2)
  16 goblins
  6 hobgoblins
  3 jackals
  18 kobolds
  3 quokkas
  9 ball pythons
  4 bats
  3 frilled lizards
  5 rats
203 creatures vanquished.

Vanquished Creatures (others)
  2 demonic plants (D:6)
  3 plants (D:5)
  6 withered plants (D:8)
11 creatures vanquished.

Grand Total: 214 creatures vanquished

Notes
Turn   | Place    | Note
-------+----------+-------------------------------------------
     0 | D:1      | Minorbread the Troll Berserker began the quest for the Orb.
     0 | D:1      | Reached XP level 1. HP: 22/22 MP: 0/0
    62 | D:1      | Reached XP level 2. HP: 29/29 MP: 1/1
   174 | D:1      | Reached XP level 3. HP: 30/36 MP: 2/2
   223 | D:1      | Reached skill level 4 in Unarmed Combat
   613 | D:2      | Noticed Jessica
   625 | D:2      | Killed Jessica
   671 | D:2      | Reached XP level 4. HP: 45/45 MP: 3/3
   693 | D:2      | Found a runed translucent door.
   694 | D:2      | Noticed Crazy Yiuf
   859 | D:2      | Reached ** piety under Trog
  1662 | D:3      | Identified the +2 leather armour "Caove" {rPois rC+ Str+2
                  | Dex+3}
  1674 | D:3      | Found Sunox's Assorted Antiques.
  1735 | D:3      | Identified the -1 pair of boots "Heime" {rN+ rCorr Slay+6}
  1827 | D:3      | Noticed Robin
  1848 | D:3      | Killed Robin
  1892 | D:3      | Reached skill level 5 in Unarmed Combat
  2105 | D:3      | Reached XP level 5. HP: 53/53 MP: 4/4
  2378 | D:4      | Reached skill level 6 in Unarmed Combat
  2378 | D:4      | Reached XP level 6. HP: 62/62 MP: 5/5
  2915 | D:5      | Entered Level 5 of the Dungeon
  2930 | D:5      | Reached *** piety under Trog
  2932 | D:5      | Noticed Grinder
  2945 | D:5      | Paralysed by Grinder for 3 turns
  2952 | D:5      | Killed Grinder
  2953 | D:5      | Reached skill level 7 in Unarmed Combat
  2953 | D:5      | Reached XP level 7. HP: 10/71 MP: 6/6
  2956 | D:5      | HP: 5/106 [ufetubus (2)]
  3100 | D:5      | Noticed Pikel
  3116 | D:5      | Killed Pikel
  3117 | D:5      | Reached skill level 5 in Fighting
  3117 | D:5      | Reached skill level 8 in Unarmed Combat
  3117 | D:5      | Reached XP level 8. HP: 39/80 MP: 7/7
  3387 | D:5      | Reached skill level 9 in Unarmed Combat
  3435 | D:5      | Found a staircase to the Ecumenical Temple.
  3437 | D:5      | Noticed Edmund
  3444 | D:5      | Killed Edmund
  4066 | D:5      | Reached skill level 10 in Unarmed Combat
  4131 | D:6      | Reached XP level 9. HP: 64/89 MP: 8/8
  4233 | D:6      | Found a burning altar of Makhleb.
  4235 | D:6      | Found an ornate altar of the Wu Jian Council.
  4781 | D:7      | Reached **** piety under Trog
  4786 | D:7      | Reached skill level 11 in Unarmed Combat
  5548 | D:8      | Noticed a two-headed ogre
  5558 | D:8      | Killed a two-headed ogre
  5752 | D:8      | Reached skill level 12 in Unarmed Combat
  5756 | D:8      | Reached XP level 10. HP: 91/102 MP: 9/9
  5805 | D:8      | Found a runed translucent gate.
  5805 | D:8      | Found a runed translucent gate.
  5805 | D:8      | Found a runed translucent gate.
  5805 | D:8      | Noticed Illumine's ghost (novice BaCj)
  5809 | D:8      | Noticed cpf86's ghost (novice MiBe)
  5846 | D:8      | Found Fiobunt's Magic Scroll Emporium.
  5863 | D:8      | Found Eguirch's Distillery.
  6034 | D:8      | Found a faded altar of an unknown god.
  6034 | D:8      | Found a faded altar of an unknown god.
  6041 | D:8      | Found a sparkling altar of Nemelex Xobeh.
  6043 | D:8      | Found a shimmering blue altar of Sif Muna.
  6045 | D:8      | Found a hazy altar of Hepliaklqana.
  6207 | D:8      | Found Fimad's Jewellery Shop.
  6292 | D:8      | Noticed a two-headed ogre
  6296 | D:8      | Killed a two-headed ogre
  6392 | D:8      | Found Ijero's Assorted Antiques.
  6691 | D:9      | HP: 5/104 [hornet (7)]
  6695 | D:9      | HP: 1/156 [hornet (4)]
  6695 | D:9      | Slain by an orc

Illustrated notes

Levels and vault maps discovered:
D:1:      zaba_arrival_water, layout_rooms
D:2:      layout_loops_corners, hangedman_feature_mirror, serial_bayou_pond_a,
          minmay_crystal_room, uniq_jessica, uniq_crazy_yiuf_cottage
D:3:      layout_basic, serial_shops, nicolae_shop_statue_plus, uniq_robin
D:4:      layout_basic
D:5:      layout_cave_pods, minmay_temple_entry_overgrown,
          kennysheep_windowed_goal, uniq_edmund, uniq_grinder, uniq_pikel
D:6:      layout_cave_pools, grunt_temple_overflow_open, serial_demonic,
          serial_demonic_b, serial_demonic_b, serial_demonic_e,
          serial_demonic_a, serial_demonic_a, serial_demonic_g, st_stairs_1
D:7:      layout_loops_ring, dreamdust_gnoll_farm
D:8:      layout_basic, chequers_temple_overflow_minitemple, serial_shops,
          nicolae_inconvenience_store, nicolae_shop_waterfront,
          nicolae_shop_window_shopping, nicolae_shop_tiny_real_fake_doors,
          gammafunk_ghost_cemetery
D:9:      layout_rooms, minmay_fractal_squares_gapless_7

Skill      XL: |  1  2  3  4  5  6  7  8  9 |
---------------+----------------------------+-----
Unarmed Combat | 4 5 6 7 8 10 12 | 12.5
Fighting       | 3 4 5 6 7 |  7.6
Dodging        | 3 |  3.8

Action                     |  1- 3 |  4- 6 |  7- 9 | 10-12 || total
---------------------------+-------+-------+-------+-------++-------
  Melee: Unarmed           |    54 |   175 |   256 |    66 ||   551
         Punch             |       |     4 |     7 |     3 ||    14
 Invoke: Berserk           |       |     2 |     6 |     2 ||    10
         Trog's Hand       |       |       |     4 |       ||     4
    Use: Scroll            |       |       |    12 |     2 ||    14
         Potion            |       |       |       |     5 ||     5
 Armour: Animal skin       |    12 |       |       |       ||    12
         Robe              |       |    75 |    51 |       ||   126
         Steam dragon scal |       |       |    23 |    47 ||    70
         Skin              |       |       |       |    11 ||    11
  Dodge: Dodged            |    28 |   116 |   124 |    53 ||   321
